 Dungeon Crawl Stone Soup version 0.19-a0-994-g3c636f0 (webtiles) character file.

172 4thArraOfDagon the Shield-Bearer (level 5, -5/42 HPs)
             Began as a Formicid Fighter on July 16, 2016.
             Shot with an arrow by a centaur warrior (6 damage)
             ... on level 13 of the Dungeon.
             The game lasted 00:02:14 (243 turns).

4thArraOfDagon the Shield-Bearer (Formicid Fighter)  Turns: 243, Time: 00:02:15

Health: -5/42      AC:  7    Str: 23    XL:     5   Next: 82%
Magic:  5/5        EV:  3    Int:  8    God:
Gold:   43         SH: 10    Dex: 12    Spells: 0 memorised, 4 levels left

rFire  . . .     SeeInvis +     a - +0 war axe
rCold  . . .     Gourm    .     b - +0 scale mail
rNeg   . . .     Faith    .     c - +0 shield
rPois  .         Spirit   .     (helmet unavailable)
rElec  .         Dismiss  .     (no cloak)
rCorr  .         Reflect  .     (no gloves)
SustAt .         Harm     .     (no boots)
MR     .....                    (no amulet)
Stlth  ..........               (no ring)
                                (no ring)

@: not resistant to hostile enchantments, extremely unstealthy
A: permanent stasis, dig shafts and tunnels, four strong arms, antennae 3,
talons 1, thin skeletal structure 1, blurry vision 1, strong 1
a: Dig, Shaft Self


You were on level 13 of the Dungeon.
You were hungry.

You visited 1 branch of the dungeon, and saw 11 of its levels.

You collected 43 gold pieces.

Inventory:

Hand Weapons
 a - a +0 war axe (weapon)
Armour
 b - a +0 scale mail (worn)
 c - a +0 shield (worn)
Comestibles
 f - 2 bread rations


   Skills:
 + Level 4.1 Fighting
 * Level 3.9 Axes
 + Level 4.0 Armour
 + Level 4.6 Shields


You had 4 spell levels left.
You didn't know any spells.

Dungeon Overview and Level Annotations

Branches:
Dungeon (15/15)              Lair (0/6) D:10            Orc (0/2) D:10
 Vaults (0/5) D:13
 Temple: D:4-7       Depths: D:15

Altars:

Annotations:
D:4 Robin
D:13 Frances, Urug
D:15 Josephine


Innate Abilities, Weirdness & Mutations

You are under a permanent stasis effect.
You can dig through walls and to a lower floor.
Your four strong arms can wield two-handed weapons with a shield.
You have a pair of large antennae on your head. (SInv)
You have sharp toenails.
You have a somewhat thin skeletal structure. (Dex +2, Stealth)
Scrolls take you a little longer to read.
Your muscles are strong. (Str +2)


Message History

The centaur warrior shouts!
The human shouts! x2; Frances shouts!
The worker ant twitches its antennae in your direction.
The blink frog gives a loud, deep croak!
A scorpion, a hill giant, 3 humans and a simulacrum come into view.
You hear a shout! x2
Found 7 stones.
Found a gate to the Vaults.
Found two stone staircases leading up.
There is a stone staircase leading down here.
Unknown command.
Unknown command.
Unknown command.
The centaur warrior wields a shortbow.
The centaur warrior shoots an arrow.
You block the arrow.
Urug throws a javelin.
You block the javelin.
A skeletal warrior comes into view. It is wielding a hand axe.
There is a stone staircase leading up here.
Things that are here:
a javelin; an arrow Unknown command.
The centaur warrior shoots an arrow.
The arrow hits you.
You die...

#.
#.#############
#.............#
#......o......#
#....ppp......#
#...pp..pp.....
#...Z.∩@.Cp....
#...p.<>.p.....
#...pp.........
#....p.pp@...#z
#.....c..p.F.#
#............#
#.###........#
.. .s.....a##
..........


You could see Frances, Urug, a skeletal warrior, a hill giant, a centaur
warrior, a blink frog, 16 humans, a scorpion, a worker ant and a giant frog
simulacrum.

Vanquished Creatures
  A sky beast (D:7)
  A hound (D:7)
  A centaur skeleton (D:7)
  A worker ant (D:7)
  A giant cockroach (D:4)
5 creatures vanquished.

Notes
Turn   | Place    | Note
-------+----------+-------------------------------------------
     0 | D:1      | 4thArraOfDagon the Formicid Fighter began the quest for the Orb.
     0 | D:1      | Reached XP level 1. HP: 18/18 MP: 1/1
     7 | D:1      | You fall through a shaft!
    53 | D:4      | Noticed Robin
    57 | D:4      | You fall through a shaft for 3 floors!
    58 | D:7      | Noticed a sky beast
    66 | D:7      | Killed a sky beast
    66 | D:7      | Reached XP level 2. HP: 11/25 MP: 2/2
    66 | D:7      | Reached XP level 3. HP: 13/30 MP: 3/3
    66 | D:7      | Reached XP level 4. HP: 16/37 MP: 4/4
    72 | D:7      | Gained mutation: Your muscles are strong. (Str +2) [mutagenic meat]
    75 | D:7      | Gained mutation: You have a somewhat thin skeletal structure. (Dex +2, Stealth) [mutagenic meat]
    81 | D:7      | Gained mutation: You occasionally shout uncontrollably at your foes. [mutagenic meat]
    98 | D:7      | Reached XP level 5. HP: 15/42 MP: 5/5
   103 | D:7      | Gained mutation: Scrolls take you a little longer to read. [potion of mutation]
   103 | D:7      | Gained mutation: You have sharp toenails. [potion of mutation]
   103 | D:7      | Lost mutation: You occasionally shout uncontrollably at your foes. [potion of mutation]
   109 | D:7      | You fall through a shaft for 2 floors!
   130 | D:10     | Entered Level 10 of the Dungeon
   135 | D:10     | Found a staircase to the Lair.
   136 | D:10     | Noticed a centaur
   187 | D:10     | Noticed a centaur zombie
   193 | D:11     | Noticed an unseen horror
   200 | D:10     | You fall through a shaft!
   200 | D:11     | Noticed a troll
   200 | D:11     | Noticed a sky beast
   201 | D:11     | Noticed a hill giant
   203 | D:11     | You fall through a shaft for 3 floors!
   226 | D:14     | Noticed a centaur zombie
   231 | D:15     | Entered Level 15 of the Dungeon
   231 | D:15     | Noticed Josephine
   231 | D:15     | Noticed a wraith
   231 | D:15     | Noticed a wraith
   231 | D:15     | Noticed a wraith
   231 | D:15     | Noticed a deep elf mage
   231 | D:15     | Noticed a hill giant
   231 | D:15     | Noticed a troll
   233 | D:15     | Noticed a hill giant
   237 | D:14     | HP: 1/42 [centaur zombie (4)]
   241 | D:13     | Found a gate to the Vaults.
   241 | D:13     | Noticed a human
   241 | D:13     | Noticed Urug
   241 | D:13     | Noticed a human
   241 | D:13     | Noticed a human
   241 | D:13     | Noticed a human
   241 | D:13     | Noticed a human
   241 | D:13     | Noticed a human
   241 | D:13     | Noticed a human
   241 | D:13     | Noticed a human
   241 | D:13     | Noticed a human
   241 | D:13     | Noticed a human
   241 | D:13     | Noticed a human
   241 | D:13     | Noticed a centaur warrior
   241 | D:13     | Noticed a human
   241 | D:13     | Noticed a human
   241 | D:13     | Noticed Frances
   241 | D:13     | Noticed a blink frog
   241 | D:13     | Noticed a human
   241 | D:13     | Noticed a hill giant
   241 | D:13     | Noticed a human
   241 | D:13     | Noticed a human
   243 | D:13     | Noticed a skeletal warrior
   243 | D:13     | Shot with an arrow by a centaur warrior

Vault maps used:
D:1:      arrival_zaba_pyramid, minmay_split_cup_large
D:2:      grunt_temple_overflow_growth_and_decay
D:3:      grunt_temple_overflow_open, minmay_close_crescents
D:4:      uniq_robin
D:9:      marbit_many_paths, hangedman_little_slice_of_home,
          serial_park_tiny_pond
D:10:     lair_0_dummy, minmay_orc_entry_temple_small, basic_altar
D:13:     david_vaults_3, serial_shops, shop, spider_trap, uniq_frances
D:14:     minmay_guarded_unrand_guard, minmay_fountain_box, minmay_rotating_lava
D:15:     hangedman_depths_entry_civil_slaughter, minmay_misc_feat_four_crosses,
          uniq_sonja, uniq_josephine

Skill      XL: |  1  2  3  4  5 |
---------------+----------------+-----
Axes           | 3 |  3.9
Shields        | 4 |  4.6
Fighting       | 4 |  4.1
Armour         | 4 |  4.0

Action                   |  1- 3 |  4- 6 || total
-------------------------+-------+-------++-------
Melee: War axe           |     7 |     8 ||    15
       Kick              |       |     1 ||     1
 Abil: Shaft Self        |     2 |     3 ||     5
       Dig               |       |     2 ||     2
  Use: Potion            |     1 |     3 ||     4
       Scroll            |       |     2 ||     2
  Eat: Chunk             |       |     4 ||     4
Armor: Scale mail        |     2 |     9 ||    11
Dodge: Dodged            |     3 |     8 ||    11
Block: Shield            |     3 |    13 ||    16
